 Dungeon Crawl Stone Soup version 0.30-a0-756-gc2185399d4 (webtiles) character file.

Game seed: 16369106167521290608

95 Leeroy the Slasher (level 4, -1/23 HPs)
             Began as a Vine Stalker Warper on Feb 9, 2023.
             Constricted to death by Natasha (7 damage)
             ... on level 3 of the Dungeon.
             The game lasted 00:03:57 (1574 turns).

Leeroy the Slasher (Vine Stalker Warper)            Turns: 1574, Time: 00:03:58

Health: -1/23      AC:  3    Str: 13    XL:     4   Next: 66%
Magic:  0/9        EV:  8    Int: 13    God:
Gold:   61         SH:  0    Dex: 16    Spells: 3/8 levels left

rFire   . . .      SeeInvis .    m - +3 dagger (speed)
rCold   . . .      Faith    .    (no shield)
rNeg    . . .      Spirit   +    b - +0 leather armour
rPois   .          Reflect  .    (no helmet)
rElec   .          Harm     .    (no cloak)
rCorr   .          Rampage  .    (no gloves)
Will    .....                    (no boots)
Stlth   +                        (no amulet)
HPRegen 1.03/turn                (no ring)
MPRegen 0.11/turn                (no ring)

@: grasped by roots, constricted
A: fangs 2, regeneration 1, magic shield, antimagic bite, no potion heal 2
a: no special abilities


You were on level 3 of the Dungeon.
You visited 1 branch of the dungeon, and saw 3 of its levels.

You collected 61 gold pieces.

Inventory:

Hand Weapons
 a - a +0 falchion
 m - a +3 dagger of speed (weapon)
Missiles
 d - 6 boomerangs of dispersal (quivered)
 g - 4 poisoned darts
Armour
 b - a +0 leather armour (worn)
Scrolls
 c - a scroll of blinking
 e - 3 scrolls of identify {unknown}
 f - a scroll of fog {unknown}
 k - 2 scrolls of teleportation {unknown}
 n - a scroll of poison {unknown}
Potions
 h - a potion of mutation {unknown}
 i - a potion of flight {unknown}
 j - a potion of attraction {unknown}
 l - 2 potions of ambrosia {unknown}
 o - a potion of heal wounds {unknown}
 p - a potion of might {unknown}


   Skills:
 - Level 1.7 Fighting
 + Level 3.8 Long Blades
 - Level 0.8 Throwing
 - Level 0.7 Armour
 - Level 1.5 Dodging
 * Level 2.6 Spellcasting
 - Level 3.2 Translocations


You had 3 spell levels left.
You knew the following spells:

 Your Spells              Type           Power      Damage    Failure   Level
a - Blink                 Tloc           20%        N/A       12%         2
b - Vhi's Electric Charg  Tloc/Air       10%        N/A       43%         3

Your spell library contained the following spells:

 Spells                   Type           Power      Damage    Failure   Level
 Lesser Beckoning         Tloc           20%        N/A       12%         2
 Teleport Other           Tloc           10%        N/A       24%         3
 Cigotuvi's Dreadful Rot  Necr/Pois/Air  2%         N/A       41%         2
 Poisonous Vapours        Pois/Air       2%         N/A       41%         2
 Hailstorm                Conj/Ice       1%         3d3       65%         3
 Mephitic Cloud           Conj/Pois/Air  1%         N/A       65%         3
 Manifold Assault         Tloc           10%        N/A       61%         4
 Ice Form                 Ice/Tmut       1%         N/A       96%         4
 Simulacrum               Ice/Necr       0%         N/A       100%        6


Dungeon Overview and Level Annotations

Branches:
Dungeon (3/15)

Altars:
Dithmenos

Shops:
D:1 ?:[

Annotations:
D:3 Natasha, Robin


Innate Abilities, Weirdness & Mutations

You have extremely sharp teeth.
Your natural rate of healing is unusually fast.
When hurt, damage is shared between your health and your magic reserves.
Your bite disrupts and absorbs the magic of your enemies.
Potions cannot restore your health.


Message History

Things that are here:
a +0 club; a +0 club Natasha, Servant of Life and Death comes into view.
She is carrying a wand of roots (11).
Robin zaps a wand.
The bolt of dispelling energy misses you.
Natasha hisses angrily.
You hit Robin but do no damage. You bite Robin, but do no damage.
You hit Robin but do no damage.
Robin zaps a wand.
The bolt of dispelling energy hits you!
Ouch! That really hurt!
You are too injured to fight recklessly!
You barely miss Robin.
Natasha mumbles some strange words.
You hit Robin. You bite Robin, but do no damage.
Robin is lightly wounded.
Robin hits you with a +0 short sword.
You hit Robin. You bite Robin, but do no damage.
Robin is moderately wounded.
You hit Robin.
Robin is moderately wounded.
Robin hits you with a +0 short sword.
Natasha zaps a wand.
The roots erupt in riotous growth!
Robin is unaffected.
The grasping roots grab you! The grasping roots constrict you.
* * * LOW HITPOINT WARNING * * *
You hit Robin.
Robin is heavily wounded.
You hit Robin.
Robin is severely wounded.
The grasping roots constrict you.
* * * LOW HITPOINT WARNING * * *
The endoplasm freezes you.
You are frozen.
Robin zaps a wand.
The bolt of dispelling energy misses you.
The bolt of dispelling energy hits the endoplasm!
The endoplasm dies!
You barely miss Robin. You bite Robin, but do no damage.
Robin is severely wounded.
The grasping roots constrict you!
You die...

#.........
#.........
#......... ##
#.......## ..
+......... ..
#.......## #.
+........#
...#..####).......#
..5.h.g@))<#......#
....###.####......#
. .... .##...#
..##.## ## ...# #.
#.. .. # #.# ...
###


You could see an iron imp (summoned), Robin and Natasha.

Vanquished Creatures
  3 adders
  2 dart slugs (D:1)
  2 ball pythons (D:1)
  5 endoplasms
  3 giant cockroaches
  13 goblins
  10 hobgoblins
  2 jackals (D:2)
  3 quokkas
  3 bats
  A frilled lizard (D:2)
  3 kobolds
  8 rats
58 creatures vanquished.

Vanquished Creatures (others)
  An endoplasm (D:3)
  A goblin (D:3)
2 creatures vanquished.

Grand Total: 60 creatures vanquished

Notes
Turn   | Place    | Note
-------+----------+-------------------------------------------
     0 | D:1      | Leeroy the Vine Stalker Warper began the quest for the Orb.
     0 | D:1      | Reached XP level 1. HP: 11/11 MP: 4/4
    64 | D:1      | Reached XP level 2. HP: 12/15 MP: 6/6
   105 | D:1      | Found Avot's Armour Boutique.
   285 | D:1      | Found Quciocil's Magic Scroll Boutique.
   415 | D:1      | Reached XP level 3. HP: 17/18 MP: 7/7
   554 | D:1      | Found Qiuwicwe's Book Emporium.
   697 | D:1      | Learned a level 2 spell: Blink
   701 | D:1      | Learned a level 3 spell: Vhi's Electric Charge
  1234 | D:2      | Gained mutation: Your natural rate of healing is unusually
                  | fast. [Vine Stalker growth]
  1234 | D:2      | Reached XP level 4. HP: 17/23 MP: 6/8
  1403 | D:2      | Found a shadowy altar of Dithmenos.
  1488 | D:3      | Noticed Robin
  1565 | D:3      | Noticed Natasha
  1574 | D:3      | Constricted to death by Natasha

Illustrated notes

Levels and vault maps discovered:
D:1:      kennysheep_arrival_forest, layout_loops_ring, serial_shops,
          nicolae_square_shop, shop_statue, shop
D:2:      layout_rooms, basic_altar
D:3:      layout_basic, dk_noncrumbling_2, uniq_natasha, uniq_sigmund,
          uniq_jessica, uniq_robin

Skill      XL: |  1  2 |
---------------+-------+-----
Long Blades    | 2 3 |  3.8
Fighting       | |  1.7
Throwing       | |  0.8
Armour         | |  0.7
Dodging        | |  1.5
Spellcasting   | |  2.6
Translocations | |  3.2

Action                     |  1- 3 |  4- 6 || total
---------------------------+-------+-------++-------
  Melee: Falchion          |    87 |       ||    87
         Bite              |    17 |    19 ||    36
         Punch             |     2 |       ||     2
         Dagger            |    18 |    49 ||    67
  Throw: Boomerang         |     1 |       ||     1
   Stab: Sleeping          |     2 |       ||     2
 Armour: Leather armour    |    38 |     5 ||    43
  Dodge: Dodged            |    70 |    16 ||    86

Table legend: (Time is in decaauts)
 A = Elapsed time spent in this place.
 B = Non-inter-level travel time spent in this place.
 C = Inter-level travel time spent in this place.
 D = Time resting spent in this place.
 E = Time spent auto-exploring this place.
 F = Levels seen in this place.
 G = Mean time per level.
                   A        B        C        D        E       F      G
               +--------+--------+--------+--------+--------+-----+--------+
         Total |   1559 |   1512 |     47 |     10 |   1171 |   3 |  519.7 |
       Dungeon |   1559 |   1512 |     47 |     10 |   1171 |   3 |  519.7 |
               +--------+--------+--------+--------+--------+-----+--------+

Top non-repeatable levels by time:
     D:1: 916 daAuts
     D:2: 595 daAuts
     D:3: 48 daAuts
